 Dungeon Crawl Stone Soup version 0.14-a0-2910-g8a9724b (webtiles) character file.

2518 GeneKelly the Archer (level 9, -1/59 HPs)
             Began as a Demonspawn Hunter on Mar 2, 2014.
             Was an Elder of Makhleb.
             Slain by a killer bee (8 damage)
             ... on Level 8 of the Dungeon.
             The game lasted 00:31:58 (5709 turns).

GeneKelly the Archer (Demonspawn Hunter)            Turns: 5709, Time: 00:31:58

HP  -1/59        AC  8     Str 19      XL: 9   Next: 18%
MP  18/18        EV 11     Int 14      God: Makhleb [****..]
Gold 204         SH  0     Dex 14      Spells:  0 memorised,  8 levels left

rFire  . . .     SeeInvis .     b - +1 bow
rCold  . . .     Clarity  .     d - +0 leather armour
rNeg   . . .     Conserve .     (no shield)
rPois  .         rCorr    .     (helmet restricted)
rElec  .         rRot     .     z - +0 orc cloak (curse)
SustAb . .       Spirit   .     A - +0 pair of gloves
rMut   .         Warding  .     (no boots)
Saprov . . .     Stasis   .     (no amulet)
MR     .....                    (no ring)
                                (no ring)

@: invisible, mighty, mildly poisoned, very slightly contaminated, not resistant
to hostile enchantments, fairly stealthy
A: horns 1, molten scales 2, demonic guardian 1, powered by pain 1
a: Minor Destruction, Lesser Servant of Makhleb, Major Destruction, Renounce
Religion


You were on level 8 of the Dungeon.
You worshipped Makhleb.
Makhleb was greatly pleased with you.
You were hungry.

You visited 1 branch of the dungeon, and saw 8 of its levels.

You collected 393 gold pieces.
You spent 189 gold pieces at shops.

Inventory:

Hand weapons
 b - a +1,+1 bow (weapon)
 r - a +0 blowgun
 s - a +1,+4 quarterstaff
 B - a +3,+1 whip of electrocution
 K - a +5,+1 flail of draining
Missiles
 a - 12 poisoned needles
 c - 94 arrows (quivered)
Armour
 d - a +0 leather armour (worn)
 z - a cursed +0 orcish cloak (worn)
 A - a +0 pair of gloves (worn)
 O - the cursed -5 leather armour "Souw" {rF+ Int-1 SInv}
   (You bought it in a shop on level 7 of the Dungeon)

   It affects your intelligence (-1).
   It protects you from fire.
   It enhances your eyesight.
   It has a curse placed upon it.
Magical devices
 u - a wand of fireball (4) {unknown}
Comestibles
 f - 4 bread rations
 l - 2 rambutans
 G - 2 chunks of gnoll flesh
 H - a honeycomb
 L - an apple
 R - 5 chunks of sheep flesh
 S - 2 beef jerkies
 T - 9 cheeses
Scrolls
 g - 3 scrolls of teleportation {unknown}
 h - 5 scrolls of identify
 i - 5 scrolls of remove curse {unknown}
 j - 2 scrolls of fear {unknown}
 m - 4 scrolls of random uselessness {unknown}
 n - a scroll of curse armour {unknown}
 q - 2 scrolls of enchant weapon II {unknown}
 t - a scroll of noise {unknown}
 v - 3 scrolls of immolation {unknown}
 w - a scroll of enchant weapon I {unknown}
 x - 2 scrolls of magic mapping
 y - 2 scrolls of recharging {unknown}
 D - 2 scrolls of amnesia {unknown}
 E - a scroll of enchant armour {unknown}
 I - a scroll of blinking {unknown}
 M - a scroll of silence {unknown}
Potions
 e - a potion of curing
 k - a potion of resistance {unknown}
 o - a potion of heal wounds
 F - a potion of agility {unknown}
 J - a potion of magic {unknown}
 N - a potion of brilliance {unknown}
 P - 2 potions of might {unknown}
 Q - a potion of flight {unknown}
Books
 p - a Necronomicon {highlevel, unknown}

   This book is beyond your current level of understanding.

   Spells                             Type                      Level
   Haunt                              Necromancy/Summoning         7
   Borgnjor's Revivification          Necromancy                   8
   Death's Door                       Charms/Necromancy            8
   Necromutation                      Transmutation/Necromancy     8


   Skills:
 - Level 1.0 Fighting
 * Level 9.0 Bows
 - Level 3.3 Dodging
 - Level 3.0 Stealth
 + Level 6.4 Invocations
 + Level 5.4 Evocations


You had 8 spell levels left.
You didn't know any spells.

Dungeon Overview and Level Annotations

Branches:
Dungeon (8/16)             Temple (0/1) D:4
   Lair: D:8-11

Altars:
Cheibriados
Makhleb
Nemelex Xobeh

Shops:
D:7 [


Innate Abilities, Weirdness & Mutations

You have a pair of small horns on your head.
You are mostly covered in molten scales (AC +3, EV -1).
A weak demonic guardian rushes to your aid.
You sometimes gain a little power by taking damage.


Message History

You are more poisoned.
The killer bee poisons you! The killer bee misses you.
The killer bee completely misses you.
* * * LOW HITPOINT WARNING * * *
You feel sick. The killer bee closely misses you.
The killer bee barely misses you.
* * * LOW HITPOINT WARNING * * *
You feel sick. The killer bee stings your ufetubus.
The killer bee barely misses you.
Your ufetubus hits the jelly.
Your ufetubus is burned by acid!
Your ufetubus completely misses the jelly.
The killer bee barely misses you.
* * * LOW HITPOINT WARNING * * *
You feel sick. The killer bee misses your ufetubus.
Your ufetubus hits the jelly.
Your ufetubus is burned by acid!
Your ufetubus dies!
The killer bee closely misses you. The jelly hits you but does no damage.
The killer bee stings you!
You die...

#...............,,
#.......<......,,,
#..............,,,
#.....#########**,
#.....# ***,
#.....# *,,,
#.....# *,,,
#.....# *,**
#@....# *,*,
#kJ...# *.#,
#.k...# *.#,
#....k# *.#,
#.....#########.#,
#......4...4....#.
#...........%...#.
#................#
#................#


You could see a jelly, 3 killer bees and a friendly hellwing.

Vanquished Creatures
  A yak (D:8)
  A hog (D:8)
  A necrophage (D:7)
  Edmund (D:6)
  An orc warrior (D:6)
  A giant goldfish (D:7)
  A human (D:8)
  2 centaurs
  2 giant frogs
  A killer bee (D:8)
  7 crimson imps
  A giant frog zombie (D:6)
  3 orc priests
  A jelly (D:5)
  3 hounds
  2 orc wizards (D:3)
  2 worker ants (D:6)
  An iguana (D:6)
  A scorpion (D:7)
  2 sheep (D:8)
  Jessica (D:3)
  A sky beast zombie (D:6)
  A hound skeleton (D:6)
  A hound zombie (D:7)
  8 adders
  7 gnolls
  2 giant mites
  2 worms
  2 adder skeletons
  A giant eyeball (D:7)
  An ooze (D:2)
  19 orcs
  A bat skeleton (D:6)
  4 giant cockroaches
  7 hobgoblins
  2 jackals (D:5)
  12 kobolds
  2 quokkas
  A ball python (D:6)
  7 bats
  4 giant geckos
  8 giant newts
  A giant spore (D:7)
  16 goblins
  A jackal zombie (D:7)
  A kobold skeleton (D:5)
  An orc skeleton (D:5)
  12 rats
  A rat skeleton (D:5)
  3 ballistomycetes (D:7)
165 creatures vanquished.

Vanquished Creatures (collateral kills)
  2 necrophages (D:8)
  A giant frog (D:7)
  5 killer bees (D:8)
  A crimson imp (D:6)
  2 adders
  A rat (D:8)
12 creatures vanquished.

Vanquished Creatures (others)
  A hellwing (D:8)
  A neqoxec (D:8)
  6 quasits
  A crimson imp (D:6)
  3 iron imps
  A shadow imp (D:8)
  3 white imps
  3 ufetubi
  A giant spore (D:7)
20 creatures vanquished.

Grand Total: 197 creatures vanquished

Notes
Turn   | Place    | Note
--------------------------------------------------------------
     0 | D:1      | GeneKelly, the Demonspawn Hunter, began the quest for the Orb.
     0 | D:1      | Reached XP level 1. HP: 15/15 MP: 1/1
    10 | D:1      | Reached skill level 1 in Stealth
   144 | D:1      | Gained mutation: A weak demonic guardian rushes to your aid. [demonic ancestry]
   144 | D:1      | Reached XP level 2. HP: 16/21 MP: 2/2
   513 | D:1      | Reached skill level 4 in Bows
   728 | D:2      | Reached XP level 3. HP: 23/26 MP: 3/3
   990 | D:2      | Gained mutation: You have a pair of small horns on your head. [demonic ancestry]
   990 | D:2      | Reached XP level 4. HP: 32/32 MP: 4/4
  1085 | D:2      | Found a burning altar of Makhleb.
  1097 | D:2      | Became a worshipper of Makhleb the Destroyer
  1200 | D:2      | Found a sparkling altar of Nemelex Xobeh.
  1354 | D:3      | Reached skill level 5 in Bows
  1372 | D:3      | Gained mutation: You are partially covered in molten scales (AC +1). [demonic ancestry]
  1372 | D:3      | Reached XP level 5. HP: 26/37 MP: 5/5
  1767 | D:3      | Noticed Jessica
  1773 | D:3      | Killed Jessica
  1902 | D:3      | Acquired Makhleb's first power
  2530 | D:4      | Gained mutation: You are mostly covered in molten scales (AC +3, EV -1). [demonic ancestry]
  2530 | D:4      | Reached XP level 6. HP: 43/43 MP: 6/6
  2780 | D:4      | Acquired Makhleb's second power
  2781 | D:4      | Found a staircase to the Ecumenical Temple.
  3115 | D:5      | Entered Level 5 of the Dungeon
  3274 | D:5      | Reached skill level 1 in Invocations
  3308 | D:5      | Reached skill level 6 in Bows
  3308 | D:5      | Reached skill level 1 in Evocations
  3489 | D:5      | Reached XP level 7. HP: 48/48 MP: 8/8
  3532 | D:5      | Found a snail-covered altar of Cheibriados.
  4075 | D:6      | Noticed Edmund
  4089 | D:6      | Killed Edmund
  4089 | D:6      | Reached skill level 7 in Bows
  4220 | D:6      | Reached XP level 8. HP: 29/54 MP: 14/14
  4230 | D:6      | Acquired Makhleb's third power
  4812 | D:7      | Reached skill level 5 in Invocations
  4937 | D:7      | Reached skill level 8 in Bows
  5077 | D:7      | Found Nyamp's Antique Armour Boutique.
  5080 | D:7      | Bought a dazzling leather armour for 189 gold pieces
  5081 | D:7      | Identified the cursed -5 leather armour "Souw" {rF+ Int-1 SInv} (You bought it in a shop on level 7 of the Dungeon)
  5530 | D:8      | Acquired Makhleb's fourth power
  5610 | D:8      | Reached skill level 5 in Evocations
  5612 | D:8      | Gained mutation: You sometimes gain a little power by taking damage. [demonic ancestry]
  5612 | D:8      | Reached XP level 9. HP: 59/59 MP: 16/18
  5694 | D:8      | HP: 2/59 [killer bee (3)]
  5697 | D:8      | Reached skill level 9 in Bows
  5709 | D:8      | Slain by a killer bee

Action                   |  1- 3 |  4- 6 |  7- 9 || total
-------------------------+-------+-------+-------++-------
Melee: Short sword       |    21 |       |       ||    21
       Hand axe          |       |     4 |       ||     4
       Whip              |       |    11 |    10 ||    21
       Unarmed           |       |       |     1 ||     1
 Fire: Bow               |    71 |   165 |   254 ||   490
       Blowgun           |       |     2 |       ||     2
Invok: Minor Destruction |       |     5 |       ||     5
       Lesser Servant of |       |       |     4 ||     4
  Use: Potion            |       |       |     5 ||     5
       Scroll            |       |       |     2 ||     2
 Stab: Distracted        |       |       |     1 ||     1
